 Dungeon Crawl Stone Soup version 0.30-a0-620-g0e44632947 (webtiles) character file.

Game seed: 9686237338029061870

520 Essalna the Gusty (level 7, -11/43 HPs)
             Began as a Tengu Air Elementalist on Jan 10, 2023.
             Mangled by an iguana (12 damage)
             ... on level 3 of the Dungeon.
             The game lasted 00:06:30 (4255 turns).

Essalna the Gusty (Tengu Air Elementalist)          Turns: 4255, Time: 00:06:31

Health: -11/43     AC:  3    Str:  6 (9)  XL:     7   Next: 21%
Magic:  11/11      EV: 14    Int: 16 (17) God:
Gold:   277        SH:  0    Dex: 11 (14) Spells: 7/10 levels left

rFire   . . .      SeeInvis .    c - +1 dagger (venom)
rCold   . . .      Faith    .    (no shield)
rNeg    . . .      Spirit   .    a - +0 robe
rPois   .          Reflect  .    (helmet restricted)
rElec   .          Harm     .    (no cloak)
rCorr   .          Rampage  .    s - +0 pair of gloves
Will    .....                    (boots unavailable)
Stlth   ++                       r - amulet of magic regeneration
HPRegen 0.27/turn                (no ring)
MPRegen 0.52/turn                (no ring)

@: flying quickly and evasively, hasted, very quick
A: beak, talons 3, nimble flight
a: no special abilities


You were on level 3 of the Dungeon.
You visited 1 branch of the dungeon, and saw 4 of its levels.

You collected 277 gold pieces.

Inventory:

Hand Weapons
 c - a +1 dagger of venom (weapon)
Armour
 a - a +0 robe (worn)
 s - a +0 pair of gloves (worn)
Magical Staves
 d - a staff of poison
Jewellery
 p - an amulet of the acrobat
 r - an amulet of magic regeneration (around neck)
 x - a ring of protection from fire
Wands
 y - a wand of quicksilver (8)
Scrolls
 e - a scroll of enchant armour {unknown}
 f - 3 scrolls of identify {unknown}
 g - 2 scrolls of teleportation {unknown}
 h - 2 scrolls of enchant weapon {unknown}
 i - a scroll of blinking {unknown}
 k - a scroll of acquirement {unknown}
 l - a scroll of summoning {unknown}
 o - a scroll of poison {unknown}
 q - 2 scrolls of noise {unknown}
 v - a scroll of brand weapon {unknown}
Potions
 j - a potion of degeneration
 m - a potion of ambrosia {unknown}
 n - a potion of haste
 t - a potion of mutation {unknown}
 u - a potion of heal wounds {unknown}
 w - a potion of curing {unknown}
 z - a potion of attraction {unknown}


   Skills:
 + Level 4.0 Fighting
 - Level 2.1 Dodging
 - Level 2.0 Stealth
 - Level 2.0 Spellcasting
 + Level 5.5 Conjurations
 + Level 6.9 Air Magic


You had 7 spell levels left.
You knew the following spells:

 Your Spells              Type           Power      Damage    Failure   Level
a - Shock                 Conj/Air       84%        1d8       1%          1
b - Static Discharge      Conj/Air       42%        2-4/arc   2%          2

Your spell library contained the following spells:

 Spells                   Type           Power      Damage    Failure   Level
 Swiftness                Air            23%        N/A       3%          3
 Airstrike                Air            11%        2d(2-18)  12%         4


Dungeon Overview and Level Annotations

Branches:
Dungeon (4/15)
 Temple: D:4-7

Altars:
Dithmenos
Kikubaaqudgha
Nemelex Xobeh
Wu Jian


Innate Abilities, Weirdness & Mutations

You have a beak for a mouth.
You have claws for feet.
Your magical nature lets you fly swiftly and evasively.


Message History

Beogh smites you!
Casting: Shock (safe; 1% risk of failure)
Confirm with . or Enter, or press ? or * to list all spells.
Aiming: Shock (safe; 1% risk of failure)
Press: ? - help, Shift-Dir - straight line, f/p - orc priest
Aim: an orc priest, wielding a +0 hand axe and wearing a +0 chain mail (lightly wounded, 81% to hit)
The zap hits the orc priest.
The orc priest is heavily wounded.
The zap hits the orc.
The orc is almost dead.
Casting: Shock (safe; 1% risk of failure)
Confirm with . or Enter, or press ? or * to list all spells.
Aiming: Shock (safe; 1% risk of failure)
Press: ? - help, Shift-Dir - straight line, f/p - orc priest
Aim: an orc priest, wielding a +0 hand axe and wearing a +0 chain mail (moderately wounded, 81% to hit)
The zap hits the orc priest.
The orc priest is severely wounded.
The orc priest looks encouraged for a moment.
Casting: Shock (safe; 1% risk of failure)
Confirm with . or Enter, or press ? or * to list all spells.
Aiming: Shock (safe; 1% risk of failure)
Press: ? - help, Shift-Dir - straight line, f/p - orc priest
Aim: an orc priest, wielding a +0 hand axe and wearing a +0 chain mail (severely wounded, 81% to hit)
The zap hits the orc priest but does no damage.
The orc priest is severely wounded.
The orc priest calls upon Beogh to heal the orc.
The orc is healed somewhat.
Okay, then.
The iguana bites you!
* * * LOW HITPOINT WARNING * * *
You fly upwards.
There is a stone staircase leading down here.
Magic courses through your body. The iguana bites you!
* * * LOW HITPOINT WARNING * * *
It was a potion of degeneration.
There was something very wrong with that liquid.
You feel weakened.
You feel dopey.
You feel clumsy. The iguana misses you.
It was a potion of haste.
You feel yourself speed up. The iguana bites you!
You die...

#.....##.# #.# #.#
#.###.##.# ##.####### #.#
#........###........# #.#
#.###.##.##...).###.# #.#
#..........#...####.###.#
#.###.##................#
#.# #......###......#####
#.# ####l### ########
#.######@# #........#
##########


You could see an iguana.

Vanquished Creatures
  A black bear (D:3)
  A necrophage (D:3)
  A scorpion (D:4)
  A gnoll bouda (D:4)
  Natasha (thrice) (D:2)
  An orc wizard (D:3)
  Robin (D:3)
  5 adders
  3 gnolls (D:4)
  A dart slug (D:2)
  5 orcs
  5 endoplasms
  4 giant cockroaches
  12 goblins
  12 hobgoblins
  3 jackals (D:1)
  5 kobolds
  4 quokkas
  7 ball pythons
  8 bats
  2 frilled lizards
  3 rats
88 creatures vanquished.

Notes
Turn   | Place    | Note
-------+----------+-------------------------------------------
     0 | D:1      | Essalna the Tengu Air Elementalist began the quest for the
                  | Orb.
     0 | D:1      | Reached XP level 1. HP: 10/10 MP: 4/4
   135 | D:1      | Reached XP level 2. HP: 16/16 MP: 0/6
   202 | D:1      | Reached skill level 1 in Fighting
   670 | D:1      | Reached XP level 3. HP: 20/20 MP: 7/7
   722 | D:1      | Learned a level 2 spell: Static Discharge
   943 | D:1      | Found a faded altar of an unknown god.
  1350 | D:2      | Noticed Natasha
  1354 | D:2      | Killed Natasha
  1355 | D:2      | Reached XP level 4. HP: 15/26 MP: 0/8
  1452 | D:2      | Reached skill level 5 in Air Magic
  1502 | D:2      | Noticed Natasha
  1505 | D:2      | Killed Natasha
  1684 | D:2      | Noticed Natasha
  1693 | D:2      | Killed Natasha
  1694 | D:2      | Gained mutation: Your magical nature lets you fly swiftly
                  | and evasively. [Tengu growth]
  1694 | D:2      | Reached XP level 5. HP: 9/31 MP: 0/9
  1953 | D:2      | Found an ancient bone altar of Kikubaaqudgha.
  2754 | D:3      | Noticed Robin
  2765 | D:3      | Killed Robin
  3194 | D:3      | Found an ornate altar of the Wu Jian Council.
  3274 | D:3      | Noticed a black bear
  3288 | D:3      | Killed a black bear
  3289 | D:3      | Reached skill level 6 in Air Magic
  3289 | D:3      | Reached XP level 6. HP: 26/37 MP: 2/10
  3365 | D:3      | Reached skill level 5 in Conjurations
  3777 | D:4      | Reached XP level 7. HP: 37/42 MP: 4/11
  4213 | D:4      | Found a shadowy altar of Dithmenos.
  4213 | D:4      | Found a sparkling altar of Nemelex Xobeh.
  4253 | D:3      | HP: 1/43 [iguana (12)]
  4255 | D:3      | Mangled by an iguana

Illustrated notes

Levels and vault maps discovered:
D:1:      lightli_arrival_statue_moat, layout_basic,
          hellmonk_ecumenical_altar_leap_of_faith, chequers_garden,
          minmay_misc_feat_nine_boxes
D:2:      layout_basic, basic_altar, serial_park_tiny_2, uniq_natasha
D:3:      minmay_angry_zag, layout_loops_corners, nzn_wu_jian_council_hall,
          grunt_decor_mini_mirrors, uniq_robin
D:4:      layout_basic, mainiacjoe_overflow_divided_tiny,
          minmay_temple_entry_junction

Skill      XL: |  1  2  3  4  5  6  7 |
---------------+----------------------+-----
Conjurations   | 2 3 4 5 |  5.5
Fighting       | 1 2 3 4 |  4.0
Air Magic      | 5 6 |  6.9
Dodging        | |  2.1
Stealth        | |  2.0
Spellcasting   | |  2.0

Action                   |  1- 3 |  4- 6 |  7- 9 || total
-------------------------+-------+-------+-------++-------
Melee: Unarmed           |     6 |       |       ||     6
       Kick              |     5 |     1 |       ||     6
       Peck              |     1 |       |       ||     1
       Dagger            |     6 |     2 |       ||     8
 Cast: Shock             |    49 |   111 |    22 ||   182
       Static Discharge  |     3 |     8 |     3 ||    14
  Use: Potion            |       |       |     3 ||     3
Armor: Robe              |     3 |     4 |       ||     7
Dodge: Dodged            |    10 |    20 |     1 ||    31

Table legend: (Time is in decaauts)
 A = Elapsed time spent in this place.
 B = Non-inter-level travel time spent in this place.
 C = Inter-level travel time spent in this place.
 D = Time resting spent in this place.
 E = Time spent auto-exploring this place.
 F = Levels seen in this place.
 G = Mean time per level.
                   A        B        C        D        E       F      G
               +--------+--------+--------+--------+--------+-----+--------+
         Total |   4093 |   4008 |     85 |      0 |   3590 |   4 | 1023.2 |
       Dungeon |   4093 |   4008 |     85 |      0 |   3590 |   4 | 1023.2 |
               +--------+--------+--------+--------+--------+-----+--------+

Top non-repeatable levels by time:
     D:2: 1314 daAuts
     D:3: 1264 daAuts
     D:1: 1029 daAuts
     D:4: 485 daAuts
